 Dungeon Crawl Stone Soup version 0.24-a0-584-g9d6b971 (webtiles) character file.

Game seed: 3283419852604827262, levelgen mode: deterministic

931 DrKleor the Skirmisher (level 7, -5/84 HPs)
             Began as a Demonspawn Fighter on Aug 30, 2019.
             Slain by Menkaure (8 damage)
             ... on level 5 of the Dungeon.
             The game lasted 00:08:52 (3472 turns).

DrKleor the Skirmisher (Demonspawn Fighter)         Turns: 3472, Time: 00:08:52

Health: -5/84      AC: 23    Str: 23    XL:     7   Next: 86%
Magic:  7/7        EV:  2    Int:  9    God:
Gold:   205        SH:  7    Dex: 13    Spells: 6/6 levels left

rFire    . . .     SeeInvis +   a - +0 war axe
rCold    . . .     Gourm    .   s - +2 buckler
rNeg     + + +     Faith    .   (armour currently unavailable)
rPois    +         Spirit   .   (helmet currently unavailable)
rElec    .         Reflect  .   (cloak currently unavailable)
rCorr    .         Harm     .   (gloves currently unavailable)
MR       .....     NoTele   +   (boots currently unavailable)
Stlth    +.........             q - amulet of regeneration
HPRegen  0.64/turn              l - ring of wizardry
MPRegen  0.10/turn              v - ring of see invisible

@: mighty, tree-form
A: no striking features
a: no special abilities


You were on level 5 of the Dungeon.
You were not hungry.
You were a tree.
You visited 2 branches of the dungeon, and saw 6 of its levels.

You collected 205 gold pieces.

Inventory:

Hand Weapons
 a - a +0 war axe (weapon)
Armour
 b - a +0 scale mail (melded)
 c - a +0 shield
 s - a +2 buckler (worn)
 y - a +2 buckler
Jewellery
 l - a ring of wizardry (left branch)
 q - an amulet of regeneration (around neck)
 v - a ring of see invisible (right branch)
Scrolls
 e - 2 scrolls of fog {unknown}
 g - 2 scrolls of magic mapping {unknown}
 h - 3 scrolls of teleportation {unknown}
 k - a scroll of fear {unknown}
 n - 2 scrolls of amnesia {unknown}
 p - 2 scrolls of remove curse {unknown}
 t - a scroll of identify {unknown}
 x - 2 scrolls of immolation {unknown}
Potions
 i - a potion of berserk rage {unknown}
 j - a potion of flight {unknown}
 m - a potion of haste {unknown}
 o - 2 potions of heal wounds {unknown}
 r - a potion of lignification
 u - a potion of agility {unknown}
 w - a potion of curing {unknown}
 z - a potion of degeneration {unknown}
Comestibles
 f - 7 rations


   Skills:
 + Level 5.4 Fighting
 - Level 1.7 Axes
 + Level 4.9 Armour
 - Level 4.0 Shields
 * Level 4.6 Unarmed Combat


You had 6 spell levels left.
You didn't know any spells.
Your spell library was empty.

Dungeon Overview and Level Annotations

Branches:
Dungeon (5/15)             Temple (1/1) D:5

Altars:
Ashenzari
Cheibriados
Dithmenos
Elyvilon
Hepliaklqana
Kikubaaqudgha
Makhleb
Qazlal
Ru
Sif Muna
Trog
Uskayaw
Vehumet
Wu Jian
Xom
Zin

Annotations:
D:5 Menkaure


Innate Abilities, Weirdness & Mutations

((You have sharp fingernails.))
((You are partially covered in sharp spines.))


Message History

Menkaure is lightly damaged.
Menkaure calls on the powers of darkness!
Your body is wracked with pain!
* * * LOW HITPOINT WARNING * * *
You barely miss Menkaure.
Menkaure is lightly damaged.
Menkaure hits you.
* * * LOW HITPOINT WARNING * * *
Menkaure hits you but does no damage.
It was a potion of lignification.
You turn into a tree.
Your +0 scale mail melds into your body.
Your roots penetrate the ground.
Dowan seems to find hidden reserves of power!
Menkaure hits you but does no damage. You block Dowan's attack.
You slice Menkaure!!
Menkaure is almost destroyed.
You slash Dowan!
You kill Dowan!
Menkaure hits you but does no damage. Menkaure hits you!
You die...

.....+.........+...<....
#..........####...##
#.........## ##....
##.._....## #.###
#......## #.. ##.....##
#### #####..###.#
#.......)# .# #.######♣#
.# #M# ... #..#. ......
##..# .. ...# ### #.##


You could see Menkaure.

Vanquished Creatures
  Duvessa (D:5)
  2 ogres
  A necrophage (D:3)
  A phantom (D:4)
  The ghost of Chimkentus the Insei, an amateur OpTm (D:3)
  Dowan (D:5)
  A howler monkey (D:4)
  A crimson imp (D:4)
  2 hounds
  An orc priest (D:5)
  3 orc wizards (D:4)
  Jessica (D:3)
  4 adders
  2 oozes
  2 worms (D:2)
  2 dart slugs
  4 leopard geckos
  10 orcs
  4 giant cockroaches
  8 goblins
  12 hobgoblins
  A quokka (D:3)
  A ball python (D:1)
  7 bats
  6 frilled lizards
  10 kobolds
  8 rats
97 creatures vanquished.

Notes
Turn   | Place    | Note
-------+----------+-------------------------------------------
     0 | D:1      | DrKleor the Demonspawn Fighter began the quest for the Orb.
     0 | D:1      | Reached XP level 1. HP: 18/18 MP: 1/1
    65 | D:1      | Gained mutation: You are partially covered in sharp spines.
                  | [demonic ancestry]
    65 | D:1      | Reached XP level 2. HP: 17/24 MP: 2/2
   254 | D:1      | Found a shattered altar of Ashenzari.
   383 | D:1      | Reached XP level 3. HP: 29/29 MP: 3/3
  1041 | D:2      | Reached XP level 4. HP: 33/35 MP: 4/4
  2009 | D:3      | Noticed Jessica
  2012 | D:3      | Killed Jessica
  2012 | D:3      | Reached skill level 4 in Fighting
  2012 | D:3      | Gained mutation: You have sharp fingernails. [demonic
                  | ancestry]
  2012 | D:3      | Reached XP level 5. HP: 40/42 MP: 5/5
  2088 | D:3      | Noticed a necrophage
  2131 | D:3      | Killed a necrophage
  2131 | D:3      | Reached skill level 1 in Unarmed Combat
  2131 | D:3      | Reached XP level 6. HP: 49/49 MP: 6/6
  2159 | D:3      | Found a runed translucent gate.
  2159 | D:3      | Found a runed translucent gate.
  2159 | D:3      | Found a runed translucent gate.
  2159 | D:3      | Noticed Chimkentus's ghost (amateur OpTm)
  2160 | D:3      | You fall into a shaft and drop 1 floor!
  2332 | D:3      | Killed Chimkentus's ghost
  2705 | D:3      | Reached XP level 7. HP: 18/55 MP: 7/7
  2863 | D:4      | Found a shadowy altar of Dithmenos.
  2893 | D:4      | Reached skill level 5 in Fighting
  3309 | D:5      | Entered Level 5 of the Dungeon
  3339 | D:5      | Found a staircase to the Ecumenical Temple.
  3364 | Temple   | Entered the Ecumenical Temple
  3449 | D:5      | Found a shadowy altar of Dithmenos.
  3460 | D:5      | Noticed Dowan
  3461 | D:5      | Noticed Duvessa
  3462 | D:5      | Noticed Menkaure
  3467 | D:5      | Killed Duvessa
  3470 | D:5      | HP: 1/56 [Menkaure (6)]
  3472 | D:5      | Killed Dowan
  3472 | D:5      | Slain by Menkaure

Levels and vault maps discovered:
D:1:      dpeg_arrival_rooms_with_view, layout_rooms, ashenzari_altar_1
D:2:      layout_basic, chequers_serial_rivers_large_a, kennysheep_crisscross
D:3:      layout_basic, ebering_ghost_rock_garden, first_ration, uniq_jessica
D:4:      layout_gridville, lemuel_crystal_altar
D:5:      layout_loops_corners, lemuel_doored_altar, temple_pool_b,
          gup_sewer_entry_bubbles, basic_altar, uniq_duvessa, uniq_menkaure,
          uniq_crazy_yiuf_cottage, uniq_grinder
Temple:   eino_wide_crystal_templ

Skill      XL: |  1  2  3  4  5  6  7 |
---------------+----------------------+-----
Shields        | 3 4 |  4.0
Armour         | 3 4 |  4.9
Fighting       | 4 5 |  5.4
Unarmed Combat | 1 3 4 |  4.6
Axes           | |  1.7

Action                   |  1- 3 |  4- 6 |  7- 9 || total
-------------------------+-------+-------+-------++-------
Melee: War axe           |   106 |   109 |    68 ||   283
  Use: Potion            |       |     1 |     2 ||     3
  Eat: Chunk             |       |     5 |       ||     5
       Ration            |       |       |     1 ||     1
Armor: Scale mail        |    53 |    31 |    21 ||   105
       Skin              |       |       |     2 ||     2
Dodge: Dodged            |    35 |    47 |    26 ||   108
Block: Shield            |    56 |    26 |       ||    82
       Buckler           |       |    32 |    23 ||    55

Table legend:
 A = Non-vault XP
 B = Vault XP
 C = Vault XP percentage of total XP
 D = Non-vault monster count
 E = Vault monster count
 F = Vault count percentage of total count
                 A         B        C        D         E       F
            +---------+---------+-------+---------+---------+-------
      Total |    1046 |     285 |  21.4 |      91 |       6 |   6.2
            +---------+---------+-------+---------+---------+-------
        D:1 |      49 |       3 |   5.8 |      27 |       2 |   6.9
        D:2 |     116 |       0 |   0.0 |      23 |       0 |   0.0
        D:3 |     349 |     140 |  28.6 |      23 |       2 |   8.0
        D:4 |     478 |       0 |   0.0 |      12 |       0 |   0.0
        D:5 |      54 |     142 |  72.4 |       6 |       2 |  25.0
            +---------+---------+-------+---------+---------+-------
